 Dungeon Crawl Stone Soup version 0.21.1-1-g345015f (webtiles) character file.

13277 tidbits the Thaumaturge (level 12, -5/93 HPs)
             Began as a Gnoll Skald on June 25, 2018.
             Was a High Priest of Cheibriados.
             Shot with a bolt by a naga sharpshooter (20 damage)
             ... on level 1 of the Snake Pit.
             The game lasted 00:32:18 (2996 turns).

tidbits the Thaumaturge (Gnoll Skald)               Turns: 2996, Time: 00:32:19

Health: -5/93      AC: 12    Str: 27    XL:     12   Next: 4%
Magic:  7/34       EV: 19    Int: 37    God:    Cheibriados [*****.]
Gold:   304        SH:  0    Dex: 27    Spells: 12/28 levels left

rFire    . . .     SeeInvis .     - Unarmed
rCold    . . .     Gourm    .   (no shield)
rNeg     . . .     Faith    .   B - +0 ring mail
rPois    .         Spirit   .   E - +3 hat of Pondering {ponderous, MR+ MP+10 Int+5}
rElec    .         Reflect  .   (no cloak)
rCorr    .         Harm     .   G - +2 pair of gloves
MR       +....                  (no boots)
Stlth    ++++......             x - amulet of magic regeneration
HPRegen  0.25/turn              N - +2 ring of strength
MPRegen  0.49/turn              g - +2 ring of intelligence

@: very slow
A: distributed training, fangs 1, strong nose
a: Bend Time, Temporal Distortion, Slouch, Step From Time, Renounce Religion


You were on level 1 of the Snake Pit.
You worshipped Cheibriados.
Cheibriados was extremely pleased with you.
You were not hungry.

You visited 4 branches of the dungeon, and saw 17 of its levels.
You also visited: Sewer.

You collected 353 gold pieces.
You spent 49 gold pieces at shops.

Inventory:

Hand Weapons
 a - a +0 hand axe
 e - a +0 hand crossbow
 i - a cursed -3 scythe
 o - a +0 war axe
 p - a +0 trident
 C - a +0 flail of protection
   (You took it off an orc on level 9 of the Dungeon)
 D - a +0 dagger of venom
   (You took it off a kobold on level 6 of the Dungeon)
 J - a +1 flail of holy wrath
   (You found it on level 8 of the Dungeon)
 O - a +0 fustibalus
Missiles
 t - 3 throwing nets {!f}
 H - 75 arrows
 K - 86 bolts
 S - a tomahawk of returning (quivered)
Armour
 b - a +0 leather armour
 j - a +1 robe of the Archmagi
   (You found it on level 1 of the Dungeon)
 B - a +0 ring mail (worn)
 E - the +3 hat of Pondering (worn) {ponderous, MR+ MP+10 Int+5}
   (You took it off Gastronok on level 2 of the Lair of Beasts)

   It affects your intelligence (+5).
   It affects your resistance to hostile enchantments.
   It affects your magic capacity (+10).
 G - a +2 pair of gloves (worn)
 V - a +0 shield
Magical Staves
 U - an uncursed staff of air {unknown}
   (You found it on level 4 of the Lair of Beasts)
Jewellery
 f - an uncursed ring of protection from cold
   (You found it on level 1 of the Dungeon)
 g - a +2 ring of intelligence (right hand)
   (You found it on level 3 of the Dungeon)
 k - an uncursed ring of fire
   (You found it on level 1 of the Dungeon)
 x - an amulet of magic regeneration (around neck)
   (You found it on level 5 of the Dungeon)
 N - a +2 ring of strength (left hand)
   (You found it on level 1 of the Lair of Beasts)
Wands
 Q - a wand of paralysis (5)
 W - a wand of acid (9)
Scrolls
 h - 2 scrolls of immolation {unknown}
 m - 6 scrolls of teleportation
 n - 4 scrolls of enchant weapon
 q - 3 scrolls of amnesia
 r - 7 scrolls of remove curse
 v - a scroll of random uselessness
 y - 2 scrolls of enchant armour
 P - 3 scrolls of fog
Potions
 l - a potion of magic {unknown}
 s - 2 potions of agility {unknown}
 u - 2 potions of might
 w - 3 potions of degeneration {unknown}
 z - a potion of ambrosia {unknown}
 A - a potion of flight
 F - a potion of curing {unknown}
 I - a potion of lignification {unknown}
 T - a potion of berserk rage
Books
 d - a book of Battle

   Spells                             Type                      Level
   a - Infusion                       Charms                       1
   b - Shroud of Golubria             Charms/Translocation         2
   c - Song of Slaying                Charms                       2
   d - Spectral Weapon                Hexes/Charms                 3
   e - Regeneration                   Charms/Necromancy            3
 L - a book of Flames
   (You found it on level 4 of the Lair of Beasts)

   Spells                             Type                      Level
   a - Flame Tongue                   Conjuration/Fire             1
   b - Throw Flame                    Conjuration/Fire             2
   c - Conjure Flame                  Conjuration/Fire             3
   d - Inner Flame                    Hexes/Fire                   3
   e - Sticky Flame                   Conjuration/Fire             4
   f - Fireball                       Conjuration/Fire             5
 R - a book of Necromancy
   (You found it on level 3 of the Lair of Beasts)

   Spells                             Type                      Level
   a - Pain                           Necromancy                   1
   b - Animate Skeleton               Necromancy                   1
   c - Vampiric Draining              Necromancy                   3
   d - Regeneration                   Charms/Necromancy            3
   e - Animate Dead                   Necromancy                   4
   f - Borgnjor's Vile Clutch         Necromancy/Earth             5
Comestibles
 c - 16 rations


   Skills:
 + Level 8.2 Fighting
 + Level 6.7 Short Blades
 + Level 6.7 Long Blades
 + Level 8.2 Axes
 + Level 6.7 Maces & Flails
 + Level 6.7 Polearms
 + Level 6.7 Staves
 + Level 6.7 Slings
 + Level 6.7 Bows
 + Level 6.7 Crossbows
 + Level 6.7 Throwing
 + Level 7.3 Armour
 + Level 8.2 Dodging
 + Level 6.7 Stealth
 + Level 6.7 Shields
 + Level 6.7 Unarmed Combat
 + Level 8.5 Spellcasting
 + Level 5.6 Conjurations
 + Level 5.6 Hexes
 + Level 7.9 Charms
 + Level 5.6 Summonings
 + Level 5.6 Necromancy
 + Level 5.6 Translocations
 + Level 5.6 Transmutations
 + Level 5.6 Fire Magic
 + Level 5.6 Ice Magic
 + Level 5.6 Air Magic
 + Level 5.6 Earth Magic
 + Level 5.6 Poison Magic
 + Level 7.4 Invocations
 + Level 6.7 Evocations


You had 12 spell levels left.
You knew the following spells:

 Your Spells              Type           Power        Failure   Level  Hunger
g - Shroud of Golubria    Chrm/Tloc      ######....   1%          2    None
i - Infusion              Chrm           ####         1%          1    None
r - Regeneration          Chrm/Necr      ######....   1%          3    None
v - Borgnjor's Vile Clut  Necr/Erth      ######....   10%         5    ###....
w - Spectral Weapon       Hex/Chrm       ######..     1%          3    None
y - Song of Slaying       Chrm           ######..     1%          2    None


Dungeon Overview and Level Annotations

Branches:
Dungeon (10/15)            Temple (1/1) D:6            Lair (5/6) D:10
  Snake (1/4) Lair:4
  Swamp: Lair:2-4    Shoals: Lair:2-4     Slime: Lair:5-6       Orc: D:9-12

Altars:
Ashenzari
Cheibriados
Elyvilon
Fedhas
Gozag
Hepliaklqana
Kikubaaqudgha
Makhleb
Okawaru
Sif Muna
Trog
Uskayaw
Vehumet
Wu Jian
Xom
The Shining One

Shops:
D:5 %?


Innate Abilities, Weirdness & Mutations

Your experience applies equally to all skills.
You have very sharp teeth.
Your uncanny sense of smell can sniff out nearby items.


Message History

Evoke which item? (* to show all) (? for menu, Esc to quit)
Aiming: Paralyse
Press: ? - help, Shift-Dir - straight line, f/p - anaconda
Aim: an anaconda (chance to defeat MR: 49%)
The anaconda suddenly stops moving!
Evoke which item? (* to show all) (? for menu, Esc to quit)
Aiming: Paralyse
Press: ? - help, Shift-Dir - straight line, f - anaconda, p - anaconda
Aim: an anaconda (chance to defeat MR: 49%)
The anaconda resists with some effort.
An anaconda comes into view.
Evoke which item? (* to show all) (? for menu, Esc to quit)
Aiming: Paralyse
Press: ? - help, Shift-Dir - straight line, f/p - anaconda
Aim: an anaconda (chance to defeat MR: 49%)
The anaconda resists with some effort.
The anaconda hisses angrily.
The anaconda grabs you.
The anaconda bites you but does no damage.
* * * LOW HITPOINT WARNING * * *
The anaconda constricts you.
Unknown command.
You feel much better.
You feel sick. The anaconda misses you. The anaconda bites you!
* * * LOW HITPOINT WARNING * * *
x2 The anaconda constricts you.
The anaconda bites you.
* * * LOW HITPOINT WARNING * * *
x2 The anaconda constricts you.
The anaconda bites you!
* * * LOW HITPOINT WARNING * * *
Unknown command.
Unknown command.
Casting: Spectral Weapon
Confirm with . or Enter, or press ? or * to list all spells.
You don't have enough magic to cast that spell.
You feel much better. The anaconda misses you.
* * * LOW HITPOINT WARNING * * *
The anaconda constricts you. The anaconda completely misses you.
A naga sharpshooter comes into view. It is wielding a war axe.
Okay, then.
Unknown command.
Evoke which item? (* to show all) (? for menu, Esc to quit)
Aiming: Paralyse
Press: ? - help, Shift-Dir - straight line, f/p - anaconda
Aim: an anaconda (constricting you, chance to defeat MR: 49%)
The anaconda resists with some effort.
The naga sharpshooter shouts!
You hear an angry hiss.
The anaconda barely misses you.
* * * LOW HITPOINT WARNING * * *
The anaconda constricts you. The anaconda barely misses you.
The anaconda misses you. The anaconda constricts you.
The anaconda barely misses you.
A shock serpent comes into view.
Evoke which item? (* to show all) (? for menu, Esc to quit)
Aiming: Paralyse
Press: ? - help, Shift-Dir - straight line, f - anaconda, p - anaconda
Aim: an anaconda (chance to defeat MR: 49%)
The anaconda suddenly stops moving!
The shock serpent hisses angrily.
The anaconda bites you.
* * * LOW HITPOINT WARNING * * *
x2 The anaconda constricts you.
The shock serpent moves out of view.
The anaconda barely misses you.
* * * LOW HITPOINT WARNING * * *
The anaconda constricts you.
An anaconda comes into view.
Evoke which item? (* to show all) (? for menu, Esc to quit)
Aiming: Paralyse
Press: ? - help, Shift-Dir - straight line, f - anaconda, p - anaconda
Aim: an anaconda (constricting you, chance to defeat MR: 49%)
The anaconda resists with some effort.
The anaconda bites you but does no damage.
* * * LOW HITPOINT WARNING * * *
The anaconda constricts you. The anaconda misses you.
* * * LOW HITPOINT WARNING * * *
The anaconda constricts you.
Unknown command.
Evoke which item? (* to show all) (? for menu, Esc to quit)
Aiming: Paralyse
Press: ? - help, Shift-Dir - straight line, f/p - anaconda
Aim: an anaconda (constricting you, chance to defeat MR: 49%)
The anaconda resists with some effort.
The anaconda bites you!
* * * LOW HITPOINT WARNING * * *
x2 The anaconda constricts you.
The anaconda closely misses you.
* * * LOW HITPOINT WARNING * * *
The anaconda constricts you.
Unknown command.
Evoke which item? (* to show all) (? for menu, Esc to quit)
Aiming: Paralyse
Press: ? - help, Shift-Dir - straight line, f/p - anaconda
Aim: an anaconda (constricting you, chance to defeat MR: 49%)
The anaconda suddenly stops moving!
The anaconda loses its grip on you.
You feel sick.
You are no longer poisoned.
Unknown command.
The naga sharpshooter unwields an uncursed war axe.
The naga sharpshooter wields an uncursed arbalest.
The naga sharpshooter gestures wildly while chanting.
The naga sharpshooter magically shoots a bolt.
The bolt hits you!!
You die...

#. #.#### #. ## ..<..#
#... .. .....####.##....
.# ....).....#...###.#
###.
......####....(.NS#.....
#.###)###?.....#SS)S.#
...##......###.#.###.#
...........?...#@S...#
............#.....#.....
(...........#.###.#∆###.
...##....†..#..)..#
......##.).....#..?..#
...#####...###.#!###.#
.. ##......#..$..#
#...#.....# ∆
#...#.###.#


You could see a naga sharpshooter and 4 anacondas.

Vanquished Creatures
  Gastronok (Lair:2)
  A naga warrior (Snake:1)
  A hydra (Lair:4)
  A mana viper (Snake:1)
  2 black mambas (Snake:1)
  A guardian serpent (Snake:1)
  5 spiny frogs
  A rime drake (Lair:3)
  A komodo dragon (Lair:1)
  4 hippogriffs
  Sigmund (D:2)
  The ghost of RENEGADE the Skirmisher, an amateur DrBe of Trog (D:3)
  3 yaks (Lair:2)
  2 basilisks
  6 nagas
  Duvessa (D:7)
  6 water moccasins
  A porcupine (Lair:3)
  2 orc warriors
  An ice beast (D:10)
  A sky beast (D:9)
  2 phantoms
  An ogre (D:6)
  A centaur (D:5)
  2 crocodiles
  2 big kobolds
  6 bullfrogs
  Dowan (D:7)
  2 scorpions
  42 killer bees
  2 crimson imps
  3 orc wizards (D:8)
  A hound (D:9)
  An orc priest (D:8)
  2 centaur skeletons
  2 iguanas
  A worker ant (D:5)
  A killer bee zombie (D:6)
  2 worker ant zombies
  4 adders
  A river rat (D:6)
  A shadow imp (D:5)
  An ooze (D:5)
  3 adder skeletons
  2 worms
  2 dart slugs (D:1)
  9 orcs
  A ball python (D:6)
  3 giant cockroaches
  4 goblins
  3 hobgoblins (D:1)
  5 jackals (D:1)
  2 quokkas (D:6)
  A ball python skeleton (D:5)
  4 bats (D:1)
  9 kobolds
  5 rats
177 creatures vanquished.

Vanquished Creatures (others)
  A fungus (Lair:4)
  A plant (Snake:1)
  3 spectral weapons
5 creatures vanquished.

Grand Total: 182 creatures vanquished

Notes
Turn   | Place    | Note
-------+----------+-------------------------------------------
     0 | D:1      | tidbits the Gnoll Skald began the quest for the Orb.
     0 | D:1      | Reached XP level 1. HP: 20/20 MP: 6/6
    68 | D:1      | Reached XP level 2. HP: 22/26 MP: 0/7
   104 | D:1      | Learned a level 2 spell: Song of Slaying
   107 | D:1      | Learned a level 2 spell: Shroud of Golubria
   198 | D:1      | Reached XP level 3. HP: 26/31 MP: 6/9
   207 | D:1      | Learned a level 3 spell: Regeneration
   209 | D:1      | Reached skill level 5 in Spellcasting
   214 | D:1      | Learned a level 3 spell: Spectral Weapon
   268 | D:2      | Noticed Sigmund
   289 | D:2      | Killed Sigmund
   289 | D:2      | Reached skill level 1 in Short Blades
   289 | D:2      | Reached skill level 1 in Long Blades
   289 | D:2      | Reached skill level 1 in Maces & Flails
   289 | D:2      | Reached skill level 1 in Polearms
   289 | D:2      | Reached skill level 1 in Staves
   289 | D:2      | Reached skill level 1 in Slings
   289 | D:2      | Reached skill level 1 in Bows
   289 | D:2      | Reached skill level 1 in Crossbows
   289 | D:2      | Reached skill level 1 in Throwing
   289 | D:2      | Reached skill level 3 in Armour
   289 | D:2      | Reached skill level 1 in Stealth
   289 | D:2      | Reached skill level 1 in Shields
   289 | D:2      | Reached skill level 1 in Unarmed Combat
   289 | D:2      | Reached skill level 1 in Conjurations
   289 | D:2      | Reached skill level 1 in Hexes
   289 | D:2      | Reached skill level 1 in Summonings
   289 | D:2      | Reached skill level 1 in Necromancy
   289 | D:2      | Reached skill level 1 in Translocations
   289 | D:2      | Reached skill level 1 in Transmutations
   289 | D:2      | Reached skill level 1 in Fire Magic
   289 | D:2      | Reached skill level 1 in Ice Magic
   289 | D:2      | Reached skill level 1 in Air Magic
   289 | D:2      | Reached skill level 1 in Earth Magic
   289 | D:2      | Reached skill level 1 in Poison Magic
   289 | D:2      | Reached skill level 1 in Invocations
   289 | D:2      | Reached skill level 1 in Evocations
   289 | D:2      | Reached XP level 4. HP: 32/38 MP: 3/11
   289 | D:2      | Reached XP level 5. HP: 36/43 MP: 3/12
   513 | D:2      | Found a faded altar of an unknown god.
   572 | D:3      | Noticed RENEGADE's ghost (amateur DrBe)
   589 | D:3      | Killed RENEGADE's ghost
   589 | D:3      | Reached skill level 5 in Fighting
   589 | D:3      | Reached skill level 2 in Short Blades
   589 | D:3      | Reached skill level 2 in Long Blades
   589 | D:3      | Reached skill level 5 in Axes
   589 | D:3      | Reached skill level 2 in Maces & Flails
   589 | D:3      | Reached skill level 2 in Polearms
   589 | D:3      | Reached skill level 2 in Staves
   589 | D:3      | Reached skill level 2 in Slings
   589 | D:3      | Reached skill level 2 in Bows
   589 | D:3      | Reached skill level 2 in Crossbows
   589 | D:3      | Reached skill level 2 in Throwing
   589 | D:3      | Reached skill level 5 in Dodging
   589 | D:3      | Reached skill level 2 in Stealth
   589 | D:3      | Reached skill level 2 in Shields
   589 | D:3      | Reached skill level 2 in Unarmed Combat
   589 | D:3      | Reached skill level 2 in Invocations
   589 | D:3      | Reached skill level 2 in Evocations
   589 | D:3      | Reached XP level 6. HP: 48/51 MP: 3/14
   748 | D:5      | Entered Level 5 of the Dungeon
   748 | D:5      | Noticed a water moccasin
   769 | D:5      | Killed a water moccasin
   769 | D:5      | Reached XP level 7. HP: 48/56 MP: 7/15
   866 | D:5      | Reached skill level 2 in Conjurations
   866 | D:5      | Reached skill level 2 in Hexes
   866 | D:5      | Reached skill level 2 in Summonings
   866 | D:5      | Reached skill level 2 in Necromancy
   866 | D:5      | Reached skill level 2 in Translocations
   866 | D:5      | Reached skill level 2 in Transmutations
   866 | D:5      | Reached skill level 2 in Fire Magic
   866 | D:5      | Reached skill level 2 in Ice Magic
   866 | D:5      | Reached skill level 2 in Air Magic
   866 | D:5      | Reached skill level 2 in Earth Magic
   866 | D:5      | Reached skill level 2 in Poison Magic
   976 | D:5      | Found Baosab's Food Boutique.
  1004 | D:5      | Reached skill level 3 in Invocations
  1018 | D:5      | Found Waix's Magic Scroll Boutique.
  1030 | D:5      | Bought a scroll of magic mapping for 49 gold pieces
  1065 | D:6      | Found a hide-covered altar of Uskayaw.
  1098 | D:6      | Reached XP level 8. HP: 52/63 MP: 13/16
  1128 | D:6      | Found a glowing drain.
  1137 | D:6      | Reached skill level 6 in Charms
  1171 | D:6      | Found a staircase to the Ecumenical Temple.
  1180 | D:6      | Reached skill level 3 in Short Blades
  1180 | D:6      | Reached skill level 3 in Long Blades
  1180 | D:6      | Reached skill level 3 in Maces & Flails
  1180 | D:6      | Reached skill level 3 in Polearms
  1180 | D:6      | Reached skill level 3 in Staves
  1180 | D:6      | Reached skill level 3 in Slings
  1180 | D:6      | Reached skill level 3 in Bows
  1180 | D:6      | Reached skill level 3 in Crossbows
  1180 | D:6      | Reached skill level 3 in Throwing
  1180 | D:6      | Reached skill level 4 in Armour
  1180 | D:6      | Reached skill level 3 in Stealth
  1180 | D:6      | Reached skill level 3 in Shields
  1180 | D:6      | Reached skill level 3 in Unarmed Combat
  1180 | D:6      | Reached skill level 3 in Evocations
  1187 | Temple   | Entered the Ecumenical Temple
  1202 | Temple   | Became a worshipper of Cheibriados the Contemplative
  1231 | D:6      | Found a deep blue altar of Sif Muna.
  1231 | D:6      | Found an opulent altar of Gozag.
  1233 | D:6      | Found an ornate altar of the Wu Jian Council.
  1234 | D:6      | Found a bloodstained altar of Trog.
  1234 | D:6      | Found a shattered altar of Ashenzari.
  1235 | D:6      | Found an iron altar of Okawaru.
  1235 | D:6      | Found a white marble altar of Elyvilon.
  1333 | Sewer    | Entered a sewer
  1396 | D:5      | Reached skill level 6 in Spellcasting
  1546 | D:7      | Noticed Duvessa
  1546 | D:7      | Noticed Dowan
  1552 | D:7      | Killed Duvessa
  1558 | D:7      | Killed Dowan
  1677 | D:8      | Reached * piety under Cheibriados
  1681 | D:8      | HP: 6/64 [orc warrior/glaive (20)]
  1689 | D:8      | Reached skill level 3 in Conjurations
  1689 | D:8      | Reached skill level 3 in Hexes
  1689 | D:8      | Reached skill level 3 in Summonings
  1689 | D:8      | Reached skill level 3 in Necromancy
  1689 | D:8      | Reached skill level 3 in Translocations
  1689 | D:8      | Reached skill level 3 in Transmutations
  1689 | D:8      | Reached skill level 3 in Fire Magic
  1689 | D:8      | Reached skill level 3 in Ice Magic
  1689 | D:8      | Reached skill level 3 in Air Magic
  1689 | D:8      | Reached skill level 3 in Earth Magic
  1689 | D:8      | Reached skill level 3 in Poison Magic
  1689 | D:8      | Reached skill level 4 in Invocations
  1693 | D:8      | Reached XP level 9. HP: 7/69 MP: 18/18
  1732 | D:9      | Reached skill level 6 in Fighting
  1732 | D:9      | Reached skill level 6 in Axes
  1732 | D:9      | Reached skill level 6 in Dodging
  1794 | D:9      | Reached skill level 4 in Short Blades
  1794 | D:9      | Reached skill level 4 in Long Blades
  1794 | D:9      | Reached skill level 4 in Maces & Flails
  1794 | D:9      | Reached skill level 4 in Polearms
  1794 | D:9      | Reached skill level 4 in Staves
  1794 | D:9      | Reached skill level 4 in Slings
  1794 | D:9      | Reached skill level 4 in Bows
  1794 | D:9      | Reached skill level 4 in Crossbows
  1794 | D:9      | Reached skill level 4 in Throwing
  1794 | D:9      | Reached skill level 4 in Stealth
  1794 | D:9      | Reached skill level 4 in Shields
  1794 | D:9      | Reached skill level 4 in Unarmed Combat
  1794 | D:9      | Reached skill level 4 in Evocations
  1810 | D:10     | Entered Level 10 of the Dungeon
  1846 | D:9      | Found a hazy altar of Hepliaklqana.
  1848 | D:9      | Found a shimmering altar of Xom.
  1849 | D:9      | Noticed a spectral ugly thing
  1900 | D:10     | Reached skill level 5 in Armour
  1903 | D:10     | Reached ** piety under Cheibriados
  1955 | D:10     | Found a staircase to the Lair.
  1960 | Lair:1   | Entered Level 1 of the Lair of Beasts
  1969 | Lair:1   | Noticed a komodo dragon
  2024 | Lair:1   | Noticed a spiny frog
  2030 | Lair:1   | Killed a spiny frog
  2048 | Lair:1   | Reached skill level 5 in Invocations
  2096 | Lair:1   | Killed a komodo dragon
  2115 | Lair:2   | Reached skill level 7 in Spellcasting
  2115 | Lair:2   | Reached XP level 10. HP: 70/77 MP: 13/20
  2118 | Lair:2   | Reached skill level 4 in Conjurations
  2118 | Lair:2   | Reached skill level 4 in Hexes
  2118 | Lair:2   | Reached skill level 4 in Summonings
  2118 | Lair:2   | Reached skill level 4 in Necromancy
  2118 | Lair:2   | Reached skill level 4 in Translocations
  2118 | Lair:2   | Reached skill level 4 in Transmutations
  2118 | Lair:2   | Reached skill level 4 in Fire Magic
  2118 | Lair:2   | Reached skill level 4 in Ice Magic
  2118 | Lair:2   | Reached skill level 4 in Air Magic
  2118 | Lair:2   | Reached skill level 4 in Earth Magic
  2118 | Lair:2   | Reached skill level 4 in Poison Magic
  2177 | Lair:2   | Noticed Gastronok
  2194 | Lair:2   | Killed Gastronok
  2194 | Lair:2   | Reached skill level 7 in Fighting
  2194 | Lair:2   | Reached skill level 5 in Short Blades
  2194 | Lair:2   | Reached skill level 5 in Long Blades
  2194 | Lair:2   | Reached skill level 7 in Axes
  2194 | Lair:2   | Reached skill level 5 in Maces & Flails
  2194 | Lair:2   | Reached skill level 5 in Polearms
  2194 | Lair:2   | Reached skill level 5 in Staves
  2194 | Lair:2   | Reached skill level 5 in Slings
  2194 | Lair:2   | Reached skill level 5 in Bows
  2194 | Lair:2   | Reached skill level 5 in Crossbows
  2194 | Lair:2   | Reached skill level 5 in Throwing
  2194 | Lair:2   | Reached skill level 6 in Armour
  2194 | Lair:2   | Reached skill level 7 in Dodging
  2194 | Lair:2   | Reached skill level 5 in Stealth
  2194 | Lair:2   | Reached skill level 5 in Shields
  2194 | Lair:2   | Reached skill level 5 in Unarmed Combat
  2194 | Lair:2   | Reached skill level 7 in Charms
  2194 | Lair:2   | Reached skill level 5 in Evocations
  2234 | Lair:2   | Noticed a spiny frog
  2246 | Lair:2   | Killed a spiny frog
  2246 | Lair:2   | Reached skill level 6 in Invocations
  2375 | Lair:4   | Noticed a spiny frog
  2386 | Lair:4   | Killed a spiny frog
  2390 | Lair:5   | Noticed an eight-headed hydra
  2390 | Lair:5   | Noticed a spiny frog
  2496 | Lair:3   | Learned a level 5 spell: Borgnjor's Vile Clutch
  2553 | Lair:1   | Reached XP level 11. HP: 79/84 MP: 22/22
  2594 | Lair:3   | Found the +8 longbow "Zephyr" {speed, Dex+3 SInv}
  2626 | Lair:4   | Reached *** piety under Cheibriados
  2714 | Lair:3   | Reached skill level 6 in Short Blades
  2714 | Lair:3   | Reached skill level 6 in Long Blades
  2714 | Lair:3   | Reached skill level 6 in Maces & Flails
  2714 | Lair:3   | Reached skill level 6 in Polearms
  2714 | Lair:3   | Reached skill level 6 in Staves
  2714 | Lair:3   | Reached skill level 6 in Slings
  2714 | Lair:3   | Reached skill level 6 in Bows
  2714 | Lair:3   | Reached skill level 6 in Crossbows
  2714 | Lair:3   | Reached skill level 6 in Throwing
  2714 | Lair:3   | Reached skill level 6 in Stealth
  2714 | Lair:3   | Reached skill level 6 in Shields
  2714 | Lair:3   | Reached skill level 6 in Unarmed Combat
  2714 | Lair:3   | Reached skill level 6 in Evocations
  2737 | Lair:4   | Noticed a four-headed hydra
  2746 | Lair:4   | Killed a four-headed hydra
  2746 | Lair:4   | Reached skill level 8 in Spellcasting
  2746 | Lair:4   | Reached skill level 5 in Conjurations
  2746 | Lair:4   | Reached skill level 5 in Hexes
  2746 | Lair:4   | Reached skill level 5 in Summonings
  2746 | Lair:4   | Reached skill level 5 in Necromancy
  2746 | Lair:4   | Reached skill level 5 in Translocations
  2746 | Lair:4   | Reached skill level 5 in Transmutations
  2746 | Lair:4   | Reached skill level 5 in Fire Magic
  2746 | Lair:4   | Reached skill level 5 in Ice Magic
  2746 | Lair:4   | Reached skill level 5 in Air Magic
  2746 | Lair:4   | Reached skill level 5 in Earth Magic
  2746 | Lair:4   | Reached skill level 5 in Poison Magic
  2759 | Lair:4   | Reached **** piety under Cheibriados
  2893 | Lair:4   | Reached skill level 7 in Invocations
  2905 | Lair:4   | Found a staircase to the Snake Pit.
  2906 | Lair:4   | Reached skill level 8 in Fighting
  2906 | Lair:4   | Reached skill level 8 in Axes
  2906 | Lair:4   | Reached skill level 7 in Armour
  2906 | Lair:4   | Reached skill level 8 in Dodging
  2920 | Snake:1  | Entered Level 1 of the Snake Pit
  2928 | Snake:1  | Noticed a naga warrior
  2932 | Snake:1  | Reached ***** piety under Cheibriados
  2936 | Snake:1  | Killed a naga warrior
  2969 | Snake:1  | Noticed a salamander
  2978 | Snake:1  | Noticed a mana viper
  2982 | Snake:1  | Reached XP level 12. HP: 11/92 MP: 0/24
  2983 | Snake:1  | Noticed an anaconda
  2985 | Snake:1  | Noticed an anaconda
  2988 | Snake:1  | Noticed an anaconda
  2989 | Snake:1  | HP: 6/93 [anaconda (16)]
  2991 | Snake:1  | Noticed a naga sharpshooter
  2992 | Snake:1  | Noticed a shock serpent
  2993 | Snake:1  | Noticed an anaconda
  2996 | Snake:1  | Shot with a bolt by a naga sharpshooter

Skill      XL: |  1  2  3  4  5  6  7  8  9 10 11 |
---------------+----------------------------------+-----
Spellcasting   | 5 6 7 8 |  8.5
Short Blades   | 1 2 3 4 5 6 |  6.7
Long Blades    | 1 2 3 4 5 6 |  6.7
Maces & Flails | 1 2 3 4 5 6 |  6.7
Polearms       | 1 2 3 4 5 6 |  6.7
Staves         | 1 2 3 4 5 6 |  6.7
Slings         | 1 2 3 4 5 6 |  6.7
Bows           | 1 2 3 4 5 6 |  6.7
Crossbows      | 1 2 3 4 5 6 |  6.7
Throwing       | 1 2 3 4 5 6 |  6.7
Armour         | 3 4 5 6 7 |  7.3
Stealth        | 1 2 3 4 5 6 |  6.7
Shields        | 1 2 3 4 5 6 |  6.7
Unarmed Combat | 1 2 3 4 5 6 |  6.7
Conjurations   | 1 2 3 4 5 |  5.6
Hexes          | 1 2 3 4 5 |  5.6
Summonings     | 1 2 3 4 5 |  5.6
Necromancy     | 1 2 3 4 5 |  5.6
Translocations | 1 2 3 4 5 |  5.6
Transmutations | 1 2 3 4 5 |  5.6
Fire Magic     | 1 2 3 4 5 |  5.6
Ice Magic      | 1 2 3 4 5 |  5.6
Air Magic      | 1 2 3 4 5 |  5.6
Earth Magic    | 1 2 3 4 5 |  5.6
Poison Magic   | 1 2 3 4 5 |  5.6
Invocations    | 1 2 3 4 5 6 7 |  7.4
Evocations     | 1 2 3 4 5 6 |  6.7
Fighting       | 5 6 7 8 |  8.2
Axes           | 5 6 7 8 |  8.2
Dodging        | 5 6 7 8 |  8.2
Charms         | 6 7 |  7.9

Action                   |  1- 3 |  4- 6 |  7- 9 | 10-12 || total
-------------------------+-------+-------+-------+-------++-------
Melee: Hand axe          |    67 |     1 |       |       ||    68
       Bite              |     5 |     2 |    21 |    25 ||    53
       Punch             |     1 |       |     2 |     8 ||    11
       Trident           |       |    34 |    51 |       ||    85
       War axe           |       |       |   132 |   107 ||   239
       Flail             |       |       |       |     3 ||     3
Throw: Tomahawk          |       |       |     6 |     2 ||     8
 Cast: Infusion          |     2 |       |       |       ||     2
       Song of Slaying   |     3 |     2 |    14 |     1 ||    20
       Shroud of Golubri |     2 |     2 |    13 |    14 ||    31
       Spectral Weapon   |     2 |     5 |    28 |    22 ||    57
       Regeneration      |       |     1 |    16 |    13 ||    30
       Borgnjor's Vile C |       |       |       |    28 ||    28
Evoke: Wand              |       |       |       |    10 ||    10
  Use: Potion            |     1 |       |     4 |     3 ||     8
       Scroll            |       |       |     8 |     3 ||    11
 Stab: Distracted        |       |       |     2 |     3 ||     5
       Sleeping          |       |       |     1 |     4 ||     5
  Eat: Chunk             |       |       |     3 |     1 ||     4
       Ration            |       |       |     1 |     2 ||     3
Armor: Leather armour    |    13 |     2 |    35 |     3 ||    53
       Ring mail         |       |       |       |    40 ||    40
Dodge: Dodged            |    57 |    21 |   175 |   229 ||   482

Table legend:
 A = Turns spent in this place as a percentage of turns spent in the entire game.
 B = Non-inter-level travel turns spent in this place as a percentage of non-inter-level travel turns spent in the entire game.
 C = Inter-level travel turns spent in this place as a percentage of turns spent in this place.
 D = Turns resting spent in this place as a percentage of non-inter-level travel turns spent in this place.
 E = Turns spent auto-exploring this place as a percentage of non-inter-level travel turns spent in this place.
 F = Non-inter-level travel turns spent in this place divided by the number of levels of this place that you've seen.
                   A       B       C       D       E      F
               +-------+-------+-------+-------+-------+----------------------
         Total | 100.0 | 100.0 |   2.0 |   0.0 |   0.0 | 163.2
       Dungeon |  63.7 |  63.5 |   2.3 |   0.0 |   0.0 | 186.6
        Temple |   1.0 |   0.6 |  45.2 |   0.0 |   0.0 |  17.0
          Lair |  32.0 |  32.6 |   0.2 |   0.0 |   0.0 | 191.6
     Snake Pit |   2.5 |   2.6 |   0.0 |   0.0 |   0.0 |  76.0
         Sewer |   0.7 |   0.7 |   0.0 |   0.0 |   0.0 |  20.0
               +-------+-------+-------+-------+-------+----------------------

Table legend:
 A = Kills in this place as a percentage of kills in entire the game.
 B = Kills by you in this place as a percentage of kills by you in the entire game.
 C = Kills by friends in this place as a percentage of kills by friends in the entire game.
 D = Other kills in this place as a percentage of other kills in the entire game.
 E = Experience gained in this place as a percentage of experience gained in the entire game.
 F = Experience gained in this place divided by the number of levels of this place that you have seen.
                   A       B       C       D       E      F
               +-------+-------+-------+-------+-------+----------------------
         Total | 100.0 | 100.0 |   N/A |   N/A | 100.0 | 1053.8
       Dungeon |  55.4 |  55.4 |   N/A |   N/A |  17.5 | 332.7
          Lair |  40.1 |  40.1 |   N/A |   N/A |  64.3 | 2439.4
     Snake Pit |   4.5 |   4.5 |   N/A |   N/A |  18.2 | 3444.0
               +-------+-------+-------+-------+-------+----------------------

Vault maps used:
D:1:      lemuel_arrival_funnel, st_stairs_3, minmay_strange_pillars,
          grunt_decor_clamped
D:2:      chequers_ecumenical_altar_simple, uniq_sigmund
D:4:      overflow_temple_1_default, first_ration, minmay_rat_hole
D:5:      serial_shops, shop, shop
D:6:      marbit_many_paths, eat_drink_and_be_merry_uskayaw,
          grunt_temple_overflow_open, minmay_temple_entry_junction,
          portal_sewer_entry_a, lexackson_kobold_supper
D:7:      overflow_temple_1_default, uniq_duvessa
D:9:      regret_index_temple_of_mockery, uniq_psyche, uniq_maurice
D:10:     lair_entry_dummy, orc_david_3, hangedman_little_slice_of_home
Temple:   compressed_dpeg_triangle_lava_temple
Lair:2:   uniq_sonja, uniq_gastronok
Lair:4:   wad_woods_minihive, swamp_mist_pool, guppyfry_snake_entry_island
Lair:5:   slime_altar_1, kennysheep_rathole, serial_bayou_shore_b,
          lemuel_fruit_fields
Snake:1:  hangedman_cross_stitches, basic_altar, lemuel_oklob_altar,
          lemuel_fruit_tree
Sewer:    sewer_co_scattered_pipes
